 Dungeon Crawl Stone Soup version 0.29-a0-384-g6960b1960d (webtiles) character file.

Game seed: 6578061383755780868

1712 bastard the Thaumaturge (level 9, 0/61 HPs)
             Began as a Djinni Conjurer on May 7, 2022.
             Slain by a gnoll sergeant
             ... wielding a +0 spear
              (5 damage)
             ... on level 6 of the Dungeon.
             The game lasted 00:11:59 (7801 turns).

bastard the Thaumaturge (Djinni Conjurer)           Turns: 7801, Time: 00:12:00

Health: 0/61       AC:  5    Str: 12    XL:     9   Next: 24%
Gold:   208        EV: 13    Int: 24    God:
                   SH:  0    Dex: 12

rFire   + + .      SeeInvis +   s - +4 flail of Idghomum {protect, SInv Stlth+}
rCold   x . .      Faith    .   (no shield)
rNeg    . . .      Spirit   .   a - +1 robe
rPois   ∞          Reflect  .   i - +1 helmet
rElec   .          Harm     .   (no cloak)
rCorr   .          Rampage  .   (no gloves)
Will    .....                   (boots unavailable)
Stlth   +++.......              (no amulet)
HPRegen 0.20/turn               c - +6 ring of strength
MPRegen 0.00/turn               (no ring)

@: flying, very slightly contaminated
A: sickness immunity, fire resistance 2, cold vulnerability 1, float, innate
caster, HP casting, extra vitality 1
a: no special abilities


You were on level 6 of the Dungeon.
You visited 1 branch of the dungeon, and saw 6 of its levels.

You collected 208 gold pieces.

Inventory:

Hand Weapons
 n - a +1 short sword of electrocution
 s - the +4 flail of Idghomum (weapon) {protect, SInv Stlth+}
   (You found it on level 5 of the Dungeon)

   It grants its wielder temporary protection when it strikes (+7 to AC).
   SInv:      It lets you see invisible.
   Stlth:     It makes you more stealthy.
Missiles
 m - a throwing net
Armour
 a - a +1 robe (worn)
 i - a +1 helmet (worn)
Jewellery
 c - a +6 ring of strength (left hand)
Wands
 g - a wand of flame (15)
 k - a wand of digging (5)
 t - a wand of polymorph (11)
Scrolls
 f - a scroll of enchant weapon
 j - 2 scrolls of enchant armour
 p - a scroll of silence
 u - a scroll of poison {unknown}
Potions
 b - 2 potions of brilliance
 d - 2 potions of curing
 e - 4 potions of might
 h - a potion of haste
 l - a potion of attraction {unknown}
 o - a potion of mutation {unknown}
 q - a potion of heal wounds
 r - a potion of invisibility


   Skills:
 + Level 3.2 Fighting
 + Level 4.4 Dodging
 - Level 1.5 Stealth
 + Level 8.4 Spellcasting


You had 2 spell levels left.
You knew the following spells:

 Your Spells              Type           Power      Damage    Failure   Level
a - Magic Dart            Conj           100%       1d8       1%          1
b - Searing Ray           Conj           100%       2d8       1%          2
c - Dazzling Flash        Conj/Hex       100%       N/A       1%          3
d - Fulminant Prism       Conj/Hex       25%        3d14      1%          4
e - Iskenderun's Mystic   Conj/Tloc      50%        2d11      1%          4
f - Sandblast             Erth           100%       2d20      1%          1
g - Poisonous Vapours     Pois/Air       100%       N/A       1%          2
h - Corpse Rot            Necr/Air       100%       N/A       1%          2
i - Teleport Other        Tloc           50%        N/A       1%          3
Your spell library was empty.

Dungeon Overview and Level Annotations

Branches:
Dungeon (6/15)
 Temple: D:4-7

Altars:
Sif Muna

Shops:
D:3 :*[

Annotations:
D:5 exclusion: downstairs


Innate Abilities, Weirdness & Mutations

You are immune to sickness and miasma.
You are immune to poison.
Your flesh is very heat resistant. (rF++)
You are vulnerable to cold. (rC-)
You float through the air rather than walking.
You learn spells naturally, not from books.
Your magical power is your life essence.
You have superior vitality. (+4 MHP)


Message History

The gnoll hits your fulminant prism with a +0 flail.
Your fulminant prism crackles loudly.
Something hits your fulminant prism!
Your fulminant prism explodes!
You hear an angry hiss.
The gnoll sergeant hits you from afar with a +0 spear!
The gnoll sergeant hits you from afar with a +0 spear!
Casting: Fulminant Prism (dangerous; 1% risk of failure)
Confirm with . or Enter, or press ? or * to list all spells.
Aiming: Fulminant Prism (dangerous; 1% risk of failure)
Press: ? - help, Dir - move target You conjure a prism of explosive energy!
A fulminant prism comes into view.
The gnoll sergeant hits you from afar with a +0 spear!
* * * LOW HITPOINT WARNING * * *
The gnoll sergeant hits your fulminant prism with a +0 spear!
Your fulminant prism crackles loudly.
Something hits your fulminant prism!
Your fulminant prism explodes!
You hear a shout!
You see here a black bear corpse.
Casting: Fulminant Prism (dangerous; 1% risk of failure)
Confirm with . or Enter, or press ? or * to list all spells.
Aiming: Fulminant Prism (dangerous; 1% risk of failure)
Press: ? - help, Dir - move target You miscast Fulminant Prism.
You are very lightly contaminated with residual magic.
Energy rips through your body.
* * * LOW HITPOINT WARNING * * *
x2
Casting: Fulminant Prism (dangerous; 1% risk of failure)
Confirm with . or Enter, or press ? or * to list all spells.
Aiming: Fulminant Prism (dangerous; 1% risk of failure)
Press: ? - help, Dir - move target You conjure a prism of explosive energy!
* * * LOW HITPOINT WARNING * * *
A fulminant prism comes into view.
Your fulminant prism crackles loudly.
There is a stone staircase leading up here.
The gnoll sergeant hits you from afar with a +0 spear.
You die...

##### ...#
#####.##############
#...#.*g............
#.#.#.g####.........
#.#@.g.# #.#......#
#.####.# #.#.####.#
... .... #.#.# #.#
#.. ..##.#.#.# #.#
#####... #.#.# #.#
#... #.#.# #.# #.###
#.#.# #.# #.# #.#


You could see a gnoll sergeant (ally target), 2 gnolls and a friendly fulminant
prism.

Vanquished Creatures
  Eustachio (D:4)
  Menkaure (D:4)
  2 water moccasins (D:4)
  An ice beast (D:6)
  A black bear (D:6)
  An ogre (D:5)
  2 phantoms (D:4)
  A necrophage (D:5)
  2 scorpions (D:5)
  An orc priest (D:3)
  5 hounds
  2 jellies (D:5)
  Jessica (D:3)
  Ijyb (D:3)
  An iguana (D:5)
  Natasha (thrice) (D:3)
  Robin (D:4)
  5 gnolls
  8 adders
  2 white imps
  5 worms
  3 dart slugs
  19 orcs
  7 ball pythons
  3 bats
  7 endoplasms
  3 giant cockroaches
  11 goblins
  11 hobgoblins
  3 jackals (D:2)
  3 quokkas
  4 frilled lizards
  7 kobolds
  4 rats (D:3)
  2 fulminant prisms
134 creatures vanquished.

Vanquished Creatures (others)
  30 fulminant prisms
30 creatures vanquished.

Grand Total: 164 creatures vanquished

Notes
Turn   | Place    | Note
-------+----------+-------------------------------------------
     0 | D:1      | bastard the Djinni Conjurer began the quest for the Orb.
     0 | D:1      | Reached XP level 1. HP: 15/15 MP: 0/0
   726 | D:2      | Reached XP level 2. HP: 18/21 MP: 0/0
  1119 | D:2      | Reached XP level 3. HP: 19/25 MP: 0/0
  1119 | D:2      | Learned a level 1 spell: Sandblast
  1278 | D:2      | Reached skill level 4 in Spellcasting
  1979 | D:2      | Reached XP level 4. HP: 18/31 MP: 0/0
  2147 | D:2      | You are sucked into a shaft and drop 2 floors!
  2167 | D:4      | Noticed a phantom
  2177 | D:4      | Killed a phantom
  2178 | D:4      | Reached XP level 5. HP: 17/35 MP: 0/0
  2178 | D:4      | Learned a level 2 spell: Poisonous Vapours
  2439 | D:4      | Noticed Menkaure
  2444 | D:4      | Killed Menkaure
  2445 | D:4      | Reached skill level 5 in Spellcasting
  2445 | D:4      | Reached XP level 6. HP: 28/40 MP: 0/0
  2460 | D:4      | Noticed Eustachio
  2660 | D:3      | Noticed Natasha
  2663 | D:3      | Killed Natasha
  2796 | D:3      | Found Henits's General Store.
  3095 | D:3      | Noticed Natasha
  3106 | D:3      | Killed Natasha
  3107 | D:3      | Reached skill level 6 in Spellcasting
  3429 | D:2      | Reached XP level 7. HP: 44/45 MP: 0/0
  3429 | D:2      | Learned a level 2 spell: Corpse Rot
  3671 | D:3      | Noticed Natasha
  3678 | D:3      | Killed Natasha
  3885 | D:3      | Found Kuoxzaont's Armour Shop.
  3889 | D:3      | Found Foin's Book Emporium.
  4068 | D:3      | Noticed Jessica
  4073 | D:3      | Killed Jessica
  4170 | D:3      | Noticed Ijyb
  4183 | D:3      | Killed Ijyb
  4778 | D:4      | Noticed a water moccasin
  4784 | D:4      | Killed a water moccasin
  4881 | D:4      | Killed Eustachio
  4882 | D:4      | Reached skill level 7 in Spellcasting
  4882 | D:4      | Reached XP level 8. HP: 17/50 MP: 0/0
  5787 | D:4      | Noticed Robin
  5791 | D:4      | Killed Robin
  6166 | D:5      | Entered Level 5 of the Dungeon
  6341 | D:5      | Reached skill level 8 in Spellcasting
  6541 | D:5      | Reached skill level 1 in Fighting
  6735 | D:5      | Identified the +4 flail of Idghomum {protect, SInv Stlth+}
  6906 | D:5      | Reached XP level 9. HP: 50/58 MP: 0/0
  6906 | D:5      | Learned a level 3 spell: Teleport Other
  7801 | D:6      | Slain by a gnoll sergeant

Illustrated notes

Levels and vault maps discovered:
D:1:      dpeg_arrival_water_fire, layout_basic
D:2:      wad_river_or_something, layout_basic, roderic_serpentine_path
D:3:      layout_loops_corners, serial_shops, nicolae_shop_trees, shop,
          shop_fountains, uniq_ijyb, uniq_natasha, uniq_jessica
D:4:      layout_basic, uniq_menkaure, uniq_robin, uniq_eustachio
D:5:      layout_loops_ring, nicolae_sif_muna_condensation
D:6:      layout_basic

Skill      XL: |  1  2  3  4  5  6  7  8  9 |
---------------+----------------------------+-----
Spellcasting   | 4 5 6 7 8 |  8.4
Fighting       | 2 3 |  3.2
Dodging        | 3 4 |  4.4
Stealth        | |  1.5

Action                   |  1- 3 |  4- 6 |  7- 9 || total
-------------------------+-------+-------+-------++-------
Melee: Dagger            |       |       |    15 ||    15
 Cast: Magic Dart        |    90 |    54 |    85 ||   229
       Searing Ray       |       |     5 |     9 ||    14
       Poisonous Vapours |       |     2 |       ||     2
       Fulminant Prism   |       |     3 |    30 ||    33
       Iskenderun's Myst |       |     3 |    12 ||    15
       Corpse Rot        |       |       |     1 ||     1
  Use: Scroll            |       |     7 |     7 ||    14
Armor: Robe              |     3 |     1 |    11 ||    15
Dodge: Dodged            |     5 |     7 |    18 ||    30

Table legend: (Time is in decaauts)
 A = Elapsed time spent in this place.
 B = Non-inter-level travel time spent in this place.
 C = Inter-level travel time spent in this place.
 D = Time resting spent in this place.
 E = Time spent auto-exploring this place.
 F = Levels seen in this place.
 G = Mean time per level.
                   A        B        C        D        E       F      G
               +--------+--------+--------+--------+--------+-----+--------+
         Total |   7805 |   7620 |    185 |      0 |   6805 |   6 | 1300.8 |
       Dungeon |   7805 |   7620 |    185 |      0 |   6805 |   6 | 1300.8 |
               +--------+--------+--------+--------+--------+-----+--------+

Top non-repeatable levels by time:
     D:3: 2157 daAuts
     D:4: 1846 daAuts
     D:2: 1730 daAuts
     D:5: 1162 daAuts
     D:1: 707 daAuts
     D:6: 201 daAuts
